Mozzarella, chaotic male elven Priest ---- ---- ---- ----- |..|.|...----..| --....| --- --..........[...| --.....-- -..-- -..........--..>| -......^||....||..........----..| ........||..*-- -...).....| |.^| .......---.--- |-...... |..-- -......|...| |....-- |...| --......|...-- ---....| |...-- -.)..........| |.....<| |.|..--- ............----.---..-- |.|.....| ........^..-|...| |....| |.|--...| ...........|.--- --...-- |.| --.-- ..............| --...-- |.-- --- -........---..--- |....| |...| ---.- |.......-- --...| |...-- |...-- --...-----.------ --..| |...| --....-- |.....@hf..| --- --.- |......| |..--------- - -------- --- Mozzarella the Acolyte Experience level: 5 Strength: 11 Dexterity: 12 Constitution: 15 Intelligence: 12 Wisdom: 16 Charisma: 10 Health: 0(43) Energy: 64(64) Def: 8 Gold: 28 Moves: 1662 Dungeon seed: VVAj8xAajXuDEHFc Game ID: Mozzarella_1614734535 Your Inventory: Coins $ - 28 gold pieces Weapons a - a blessed +1 mace (weapon in hand) I - a +0 elven dagger N - a +2 dagger O - 4 +0 daggers (in quiver) Q - a cursed -1 dagger S - 7 +0 darts X - 4 +0 arrows Z - a +0 bow Armor e - a +0 robe (being worn) n - a +0 small shield (being worn) q - a blessed +2 orcish helm (being worn) Y - a +0 pair of iron shoes (being worn) Comestibles c - a clove of garlic d - a sprig of wolfsbane Scrolls H - 2 scrolls of destroy armor Spellbooks f - a spellbook of extra healing g - a spellbook of remove curse s - a spellbook of cure blindness Potions b - a potion of holy water K - a potion of hallucination Rings M - a ring of searching (on left hand) Wands j - a wand of opening (0:4) Tools h - a partly used tallow candle (lit) (0:158) i - a leash k - 6 blessed wax candles (0:400) m - a blindfold J - a magic whistle R - 2 tallow candles (0:200) T - a +0 pick-axe Gems l - a worthless piece of yellow glass r - 2 worthless pieces of red glass y - 2 worthless pieces of green glass z - a worthless piece of orange glass U - an emerald V - an opal Spells and supernatural/magical abilities: Name Level Category Fail Memory r - remove curse 3 clerical 0% 92% x - extra healing 3 healing 97% 92% W - pray for help -- divine ? -- X - turn undead -- divine ? -- Your skills at the end: Fighting Skills Weapon Skills mace [Basic] Spellcasting Skills clerical spells [Basic] Final Attributes: You were piously aligned. You were sleep resistant. You had automatic searching. You had infravision. You are dead. Vanquished creatures: a small mimic a gnome king 2 gnome lords a floating eye a kitten 4 dwarves 2 hobbits a hobgoblin 15 gnomes a gnome zombie a gecko 2 jackals 2 foxes 2 goblins 4 grid bugs 3 lichens 4 newts 47 creatures vanquished. Voluntary challenges: You used a wielded weapon 51 times, starting on turn 48. You read items or engraved 5 times, starting on turn 96. You never genocided any monsters. You never polymorphed an object. You never changed form. You used no wishes. You never split a pudding. You never wrote Elbereth's name. You never violated your personal moral code. Dungeon overview: The Dungeons of Doom: levels 1 to 2 Level 1 a long staircase Level 2 a scroll shop, a sink stairs to The Gnomish Mines The Gnomish Mines: levels 3 to 4 Level 3 stairs to The Dungeons of Doom Level 4 <- You were here History has recorded: On T:1 you entered the Dungeons of Doom to retrieve the Amulet of Yendor! On T:170 you reached level 2 of The Dungeons of Doom. On T:445 you advanced to experience level 2. On T:559 you advanced to experience level 3. On T:1062 you reached level 1 of The Gnomish Mines. On T:1105 you advanced to experience level 4. On T:1302 you advanced to experience level 5. On T:1418 you reached level 2 of The Gnomish Mines. Score breakdown: Gold: 28 ( 4974 points) Experience: 5 levels (11141 points) Exploration: 4 levels ( 8.00%) ( 7423 points) Discoveries: 10 items ( 3.50%) ( 5609 points) Valuables value: (no points given unless you survive) Artifact value: 0 ( 0 points) Variety of kills: 17 monsters ( 4.46%) ( 6336 points) Turncount: 1662 turns ( 0 points) Survival: died (score multiplied by 80%) Total score: 28386 Latest messages: You hear some noises in the distance. The hobgoblin is killed! You miss the dwarf king. (2x) The dwarf king wields a broad short sword! The dwarf king thrusts his broad short sword. The dwarf king just misses! You miss the dwarf king. (2x) The dwarf king thrusts his broad short sword. The dwarf king hits! The dwarf king thrusts his broad short sword. The dwarf king just misses! You miss the dwarf king. (2x) The dwarf king thrusts his broad short sword. The dwarf king hits! The dwarf king thrusts his broad short sword. The dwarf king hits! Qwerty misses the dwarf king. You miss the dwarf king. Qwerty misses the dwarf king. You miss the dwarf king. Qwerty misses the dwarf king. The dwarf king thrusts his broad short sword. The dwarf king hits! The dwarf king thrusts his broad short sword. The dwarf king hits! You die... Final status: Goodbye Mozzarella the Priest, killed by a dwarf king... You died in The Gnomish Mines on dungeon level 4 with 28386 points, and 28 pieces of gold, after 1662 moves. You were level 5 with a maximum of 43 hit points when you died.